 Dungeon Crawl Stone Soup version 0.17.1-3-g152610e (webtiles) character file.

53 Alarkh the Chopper (level 3, 0/28 HPs)
             Began as a Vine Stalker Skald on Apr 14, 2016.
             Succumbed to an adder's poison
             ... on level 2 of the Dungeon.
             The game lasted 00:01:11 (773 turns).

Alarkh the Chopper (Vine Stalker Skald)              Turns: 773, Time: 00:01:11

Health: 0/28       AC: 21    Str: 14    XL:     3   Next: 89%
Magic:  3/7        EV:  2    Int: 13    God:
Gold:   5          SH:  0    Dex: 13    Spells: 1 memorised, 5 levels left

rFire  . . .     SeeInvis .     a - +2 hand axe (vamp)
rCold  . . .     Clarity  .     (armour currently unavailable)
rNeg   + + +     SustAt   .     (no shield)
rPois  +         Gourm    .     (helmet currently unavailable)
rElec  .         Spirit   +     (cloak currently unavailable)
rCorr  .         Warding  .     (gloves currently unavailable)
rMut   .         NoTele   +     (boots currently unavailable)
MR     .....                    (no amulet)
Stlth  +.........               (no ring)
                                (no ring)

@: lethally poisoned (0 -> -9), tree-form, not resistant to hostile
enchantments, very unstealthy
A: (fangs 0), regeneration 1, magic shield, (antimagic bite), no device heal 3,
rot immunity
a: no special abilities


You were on level 2 of the Dungeon.
You were not hungry.
You were a tree.
You visited 1 branch of the dungeon, and saw 2 of its levels.

You collected 5 gold pieces.

Inventory:

Hand Weapons
 a - a +2 vampiric hand axe (weapon)
 g - a +0 hand axe
Missiles
 d - a throwing net (quivered)
Armour
 b - a +1 leather armour (melded)
Wands
 l - a wand of enslavement (16)
Scrolls
 f - a scroll of magic mapping {unknown}
 i - a scroll of fear {unknown}
Potions
 h - a potion of curing {unknown}
 m - a potion of might {unknown}
Books
 c - a book of Battle

   Spells                             Type                      Level
   a - Infusion                       Charms                       1
   b - Shroud of Golubria             Charms/Translocation         2
   c - Song of Slaying                Charms                       2
   d - Spectral Weapon                Hexes/Charms                 3
   e - Regeneration                   Charms/Necromancy            3
Comestibles
 j - a beef jerky


   Skills:
 + Level 2.5 Fighting
 * Level 3.1 Axes
 - Level 0.7 Armour
 - Level 0.7 Dodging
 - Level 2.1 Spellcasting
 - Level 3.0 Charms


You had 5 spell levels left.
You knew the following spells:

 Your Spells              Type           Power        Failure   Level  Hunger
a - Infusion              Chrm           #.....       10%         1    ##.....


Dungeon Overview and Level Annotations

Branches:
Dungeon (2/15)

Altars:


Innate Abilities, Weirdness & Mutations

((You have extremely sharp teeth.))
Your natural rate of healing is unusually fast.
When hurt, damage is shared between your health and your magic reserves.
((Your bite disrupts and absorbs the magic of your enemies.))
Potions and wands cannot restore your health.
You are immune to rotting.


Message History

The adder is moderately wounded.
You feel sick. The adder bites you. The adder bites you.
* * * LOW HITPOINT WARNING * * *
You are more poisoned.
The adder poisons you!
You are too injured to fight recklessly!
You are too injured to fight recklessly!
Drink which item? (? for menu, Esc to quit)
It was a potion of cancellation.
Your magical effects are unravelling.
You feel magically purged.
You are no longer magically infusing your attacks.
* * * LOW HITPOINT WARNING * * *
You feel sick. The adder bites you.
* * * LOW HITPOINT WARNING * * *
Drink which item? (? for menu, Esc to quit)
It was a potion of lignification.
You turn into a tree.
Your +1 leather armour melds into your body.
Your roots penetrate the ground.
You die...

. #. #....###..###
#.#$ #..#.#.#.## #.#.
###..#. #.# . #...
#..#..# #)###. ..
#..)####..#.###.....
...#
#..#.#.....##.####
....
##.....8.8....####
#..#..#.#.....##.....
#..♣####..#.###.....
#.S.# #..#..# #.####
#.#.# ###.(#.##.#
#.#.# #..#.#.#.# # .
#.. #....###.#### #.
#.. ##...# #..#.. #
... .#... #....# .##.
(..##..... ....#..#..


You could see an adder.

Vanquished Creatures
  Ijyb (D:2)
  An adder (D:1)
  2 bats (D:1)
  A hobgoblin (D:1)
  2 giant newts (D:1)
  2 goblins (D:1)
  3 jackals (D:1)
  4 kobolds (D:1)
  2 rats
18 creatures vanquished.

Notes
Turn   | Place    | Note
--------------------------------------------------------------
     0 | D:1      | Alarkh the Vine Stalker Skald began the quest for the Orb.
     0 | D:1      | Reached XP level 1. HP: 11/11 MP: 4/4
   343 | D:1      | Reached XP level 2. HP: 15/15 MP: 3/6
   635 | D:1      | Reached XP level 3. HP: 18/18 MP: 4/7
   723 | D:2      | Noticed Ijyb
   734 | D:2      | Killed Ijyb
   773 | D:2      | Succumbed to an adder's poison

Action                   || total
-------------------------++-------
Melee: Hand axe          ||    49
 Cast: Infusion          ||    11
  Use: Scroll            ||     2
       Potion            ||     2
  Eat: Bread ration      ||     1
